Map: Ulrena

Players

Khahunatuna

  • Race: Zerg Zerg

LilDicky - Winner!

  • Race: Protoss Protoss
  • League: Diamond

VOD

http://www.twitch.tv/tumescentpie

Description

Time

  • Played on: Dec. 13, 2015, 9:46 p.m.
  • Length: 6:58
Show
View Real Time Build Order
Export as new Build Order

Khahunatuna Zerg 

Build Orders: Pool First 

Get SALT Encoding   

  12  0:04  Drone  
  13  0:24  Drone  
  14  0:31  Spawning Pool  
  14  0:35  Extractor  
  12  1:07  Drone x2  
  14  1:16  Overlord  
  14  1:52  Drone x2  
  14  1:53  Drone  
  17  2:27  Drone x3  
  20  2:40  Overlord  
  20  2:51  Zergling x2  
  21  2:58  Queen  
  21  3:03  Zergling x2  
  25  3:20  Zergling x2  
  25  3:23  Metabolic Boost  
  25  3:52  Roach Warren  
  24  4:26  Extractor  
  23  4:34  Overlord  
  23  4:35  Overlord  
  23  4:36  Overlord  
  23  4:41  Hatchery  
  22  4:52  Queen  
  22  4:59  Hatchery  
  20  6:18  Roach x4  
Show
View Real Time Build Order
Export as new Build Order

LilDicky Protoss - Winner!

Build Orders:  

Get SALT Encoding   

  12  0:01  Probe (Chrono Boost)  
  13  0:14  Pylon  
  13  0:18  Probe (Chrono Boost)  
  14  0:29  Probe (Chrono Boost)  
  15  0:41  Pylon  
  15  0:46  Probe (Chrono Boost)  
  16  1:03  Gateway  
  16  1:04  Gateway  
  16  1:18  Probe (Chrono Boost)  
  17  1:24  Pylon  
  17  1:37  Probe (Chrono Boost)  
  22  1:59  Gateway  
  22  2:00  Cybernetics Core  
  17  2:16  Pylon  
  17  2:19  Assimilator  
  17  2:20  Probe (Chrono Boost)  
  18  2:29  Assimilator  
  18  2:30  Probe (Chrono Boost)  
  19  2:41  Probe (Chrono Boost)  
  20  2:46  Zealot (Chrono Boost)  
  22  2:52  Probe  
  22  2:57  Warp Gate (Chrono Boost)  
  23  3:11  Stalker  
  25  3:14  Probe  
  26  3:30  Gateway  
  26  3:32  Gateway  
  26  3:33  Pylon  
  26  3:37  Gateway, Stargate  
  26  4:19  Nexus  
  26  4:27  Void Ray  
  30  4:43  Pylon  
  30  5:10  Pylon  
  30  5:12  Zealot x4  
  38  5:17  Void Ray (Chrono Boost)  
  42  5:34  Stalker x2  
  44  6:17  Void Ray (Chrono Boost)  
  48  6:28  Pylon  
  48  6:31  Zealot  
Tags
 
Add a new tag
Caveats
  • Supply blocks, unpowered buildings, or Contaminate may cause inaccurate times.
  • Supply counts are checked every 10 seconds.